 Dungeon Crawl Stone Soup version 0.22-a0-608-g8a62e23f9f (webtiles) character file.

77 Kholdaimon the Vandal (level 4, -7/29 HPs)
             Began as a Halfling Hunter on July 9, 2018.
             Killed from afar by an orc wizard (8 damage)
             ... with a magic dart
             ... on level 3 of the Dungeon.
             The game lasted 00:11:42 (2014 turns).

Kholdaimon the Vandal (Halfling Hunter)             Turns: 2014, Time: 00:11:42

Health: -7/29      AC:  3    Str: 13    XL:     4   Next: 58%
Magic:  4/4        EV: 15    Int: 10    God:
Gold:   35         SH:  0    Dex: 14    Spells: 3/3 levels left

rFire    . . .     SeeInvis .   a - +1 hunting sling
rCold    . . .     Gourm    .   (shield restricted)
rNeg     . . .     Faith    .   c - +0 leather armour
rPois    .         Spirit   .   (no helmet)
rElec    .         Reflect  .   (no cloak)
rCorr    .         Harm     .   (no gloves)
MR       .....                  (no boots)
Stlth    ++........             (no amulet)
HPRegen  0.09/turn              (no ring)
MPRegen  0.09/turn              (no ring)

@: no status effects
A: small, mutation resistance 1
a: no special abilities


You were on level 3 of the Dungeon.
You were not hungry.

You visited 1 branch of the dungeon, and saw 3 of its levels.

You collected 35 gold pieces.

Inventory:

Hand Weapons
 a - a +1 hunting sling (weapon)
 b - a +0 short sword
Missiles
 d - 20 sling bullets
 e - 18 stones (quivered)
 u - 20 poisoned needles
Armour
 c - a +0 leather armour (worn)
 g - a cursed +0 leather armour
 o - a +0 ring mail
 s - a +2 cloak
Jewellery
 n - an uncursed amulet of harm {unknown}
 p - an uncursed ring of see invisible {unknown}
 q - an uncursed ring of poison resistance {unknown}
Scrolls
 i - a scroll of enchant weapon {unknown}
 j - a scroll of random uselessness {unknown}
 m - 2 scrolls of identify {unknown}
 r - a scroll of noise {unknown}
Potions
 h - 2 potions of lignification {unknown}
 k - a potion of heal wounds {unknown}
 l - a potion of might {unknown}
Comestibles
 f - 4 rations
 t - 4 chunks of flesh


   Skills:
 - Level 2.0 Fighting
 + Level 2.1 Short Blades
 + Level 6.6 Slings
 + Level 3.1 Dodging
 - Level 2.0 Stealth


You had 3 spell levels left.
You didn't know any spells.
Your spell library was empty.

Dungeon Overview and Level Annotations

Branches:
Dungeon (3/15)

Altars:


Innate Abilities, Weirdness & Mutations

You are small and have problems with some larger weapons.
You are somewhat resistant to further mutation.


Message History

Firing (i - inventory. (/) - cycle)
e - 21 stones (quivered)
Press: ? - help, Shift-Dir - straight line You shoot a stone.
Something barely misses you.
Firing (i - inventory. (/) - cycle)
e - 20 stones (quivered)
Press: ? - help, Shift-Dir - straight line You shoot a stone.
Firing (i - inventory. (/) - cycle)
e - 19 stones (quivered)
Press: ? - help, Shift-Dir - straight line You shoot a stone.
The stone hits the ball python.
You kill the ball python!
You hear some strange, mumbled words.
A magic dart appears from out of thin air!
The magic dart hits you!
* * * LOW HITPOINT WARNING * * *
A magic dart appears from out of thin air!
The magic dart hits you!
* * * LOW HITPOINT WARNING * * *
A magic dart appears from out of thin air!
The magic dart hits you!
You die...

......# #####.# #<.#
#..# #..# #... #+##
#.###############..#
... ...........##.##
... #....@......#
... #.........#.##
#.........#..#
#######...So.##
#####J..# #.#(#
#w#(.# ..##(# ...#


J( You could see an ooze, an adder and an orc.

Vanquished Creatures
  Crazy Yiuf (D:2)
  A dart slug (D:1)
  A leopard gecko (D:3)
  3 orcs (D:3)
  4 bats (D:1)
  A giant cockroach (D:1)
  5 goblins (D:1)
  8 hobgoblins
  2 jackals (D:1)
  7 kobolds
  A quokka (D:2)
  3 ball pythons
  2 rats
39 creatures vanquished.

Notes
Turn   | Place    | Note
-------+----------+-------------------------------------------
     0 | D:1      | Kholdaimon the Halfling Hunter began the quest for the Orb.
     0 | D:1      | Reached XP level 1. HP: 14/14 MP: 1/1
   107 | D:1      | Reached XP level 2. HP: 19/19 MP: 2/2
   232 | D:1      | Reached skill level 6 in Slings
   322 | D:1      | Reached skill level 1 in Short Blades
   335 | D:1      | Reached XP level 3. HP: 23/24 MP: 3/3
  1655 | D:2      | Found a runed door.
  1659 | D:2      | Noticed Crazy Yiuf
  1674 | D:2      | Killed Crazy Yiuf
  1674 | D:2      | Reached XP level 4. HP: 25/29 MP: 4/4
  2009 | D:3      | HP: 1/29 [something/magic dart (5)]
  2014 | D:3      | Killed from afar by an orc wizard

Vault maps used:
D:1:      dpeg_arrival_connections
D:2:      uniq_crazy_yiuf_cottage
D:3:      old_standard_altar, uniq_terence

Skill      XL: |  1  2  3 |
---------------+----------+-----
Slings         | 6 |  6.6
Fighting       | 2 |  2.0
Short Blades   | 1 2 |  2.1
Stealth        | 2 |  2.0
Dodging        | 3 |  3.1

Action                   |  1- 3 |  4- 6 || total
-------------------------+-------+-------++-------
Melee: Short sword       |    11 |       ||    11
 Fire: Hunting sling     |    84 |    30 ||   114
 Stab: Sleeping          |     1 |       ||     1
  Eat: Chunk             |     2 |     1 ||     3
Armor: Leather armour    |     6 |     3 ||     9
Dodge: Dodged            |    24 |    16 ||    40

Table legend:
 A = Spawn XP
 B = Non-spawn XP
 C = Spawn XP percentage of total XP
 D = Spawn monster count
 E = Non-spawn monster count
 F = Spawn count percentage of total count
 G = Total turns spent on level
                    A         B        C        D         E        F      G
               +---------+---------+-------+---------+---------+-------+---------
         Total |       0 |     110 |   0.0 |       0 |      39 |   0.0 |  2014
               +---------+---------+-------+---------+---------+-------+---------
           D:1 |       0 |      44 |   0.0 |       0 |      25 |   0.0 |   853
           D:2 |       0 |      49 |   0.0 |       0 |       7 |   0.0 |  1060
           D:3 |       0 |      17 |   0.0 |       0 |       7 |   0.0 |   101
               +---------+---------+-------+---------+---------+-------+---------
